 Dungeon Crawl Stone Soup version 0.23.2 (webtiles) character file.

Game seed: 8342700128316526741

213 Fang the Skirmisher (level 5, -3/51 HPs)
             Began as a Gargoyle Berserker on Apr 8, 2019.
             Was a Believer of Trog.
             Slain by an ogre
             ... wielding a +0 giant club
              (18 damage)
             ... on level 4 of the Dungeon.
             The game lasted 00:03:43 (2416 turns).

Fang the Skirmisher (Gargoyle Berserker)            Turns: 2416, Time: 00:03:43

Health: -3/51      AC:  6    Str: 27    XL:     5   Next: 90%
Magic:  5/5        EV: 12    Int:  7    God:    Trog [**....]
Gold:   102        SH:  0    Dex:  9    Spells: 4/4 levels left

rFire    + . .     SeeInvis .   a - +0 hand axe
rCold    . . .     Gourm    .   (no shield)
rNeg     + . .     Faith    .   b - +0 animal skin
rPois    ∞         Spirit   .   (no helmet)
rElec    +         Reflect  .   (no cloak)
rCorr    .         Harm     .   (no gloves)
MR       .....                  (no boots)
Stlth    ..........             k - amulet of regeneration
HPRegen  0.57/turn              d - ring of protection from fire
MPRegen  0.09/turn              (no ring)

@: berserking, very quick
A: negative energy resistance 1, electricity resistance, unbreathing,
petrification resistance, rot immunity, AC +4
a: Berserk, Trog's Hand, Renounce Religion


You were on level 4 of the Dungeon.
You worshipped Trog.
Trog was pleased with you.
You were very hungry.

You visited 1 branch of the dungeon, and saw 4 of its levels.

You collected 102 gold pieces.

Inventory:

Hand Weapons
 a - a +0 hand axe (weapon)
Armour
 b - a +0 animal skin (worn)
Jewellery
 d - a ring of protection from fire (left hand)
 k - an amulet of regeneration (around neck)
 v - an uncursed ring of poison resistance {unknown}
Wands
 u - a wand of flame (17)
Scrolls
 e - 3 scrolls of teleportation {unknown}
 g - a scroll of blinking {unknown}
 i - a scroll of noise {unknown}
 l - 2 scrolls of fog {unknown}
 m - a scroll of magic mapping {unknown}
 n - a scroll of immolation {unknown}
 o - 3 scrolls of fear {unknown}
 p - a scroll of enchant weapon {unknown}
 q - a scroll of enchant armour {unknown}
 r - a scroll of remove curse {unknown}
 t - 3 scrolls of identify {unknown}
Potions
 f - a potion of flight {unknown}
 h - 2 potions of brilliance {unknown}
 j - a potion of might {unknown}
 s - a potion of lignification {unknown}
 w - a potion of haste {unknown}
 x - a potion of resistance {unknown}
Comestibles
 c - 5 rations


   Skills:
 + Level 4.4 Fighting
 + Level 3.7 Axes
 + Level 3.6 Armour
 + Level 2.8 Dodging


You had 4 spell levels left.
You didn't know any spells.
Your spell library was empty.

Dungeon Overview and Level Annotations

Branches:
Dungeon (4/15)
 Temple: D:4-7

Altars:
Fedhas
Wu Jian


Innate Abilities, Weirdness & Mutations

You are resistant to torment.
Your stone body is resilient. (AC +4)
You are immune to poison.
You resist negative energy. (rN+)
You are resistant to electric shocks. (rElec)
You can survive without breathing.
You are immune to petrification.
You are immune to rotting.


Message History

You barely miss the ogre.
The ogre is moderately wounded.
You hit the gnoll.
You hit the worker ant but do no damage.
The worker ant bites you. The gnoll hits you.
* * * LOW HITPOINT WARNING * * *
The gnoll hits you but does no damage. The ogre closely misses you.
The worker ant closely misses you.
You are too injured to fight recklessly!
You are too injured to fight recklessly!
A red film seems to cover your vision as you go berserk!
You feel yourself moving faster!
You feel mighty!
You are feeling very hungry.
The gnoll misses you. The gnoll barely misses you.
The worker ant barely misses you.
You barely miss the ogre.
The ogre is moderately wounded.
You barely miss the worker ant. You barely miss the gnoll. You hit the gnoll.
The ogre hits you with a +0 giant club!!
You die...

............. . ..
#............ #.#.
###............
##.#.####.........>....
..........#............
.....###......gr..... #
#...##.....gga......
###.##..##<.....@O......
#............##.#.......
#.#.##......###.#......#
#....#..^####.#..###..
...##.##.....÷.........
... ##.....##....#.###.
#. ............##......
# .##.......#....####
...........÷.##


You could see an ogre, a worker ant, 3 gnolls and a quokka.

Vanquished Creatures
  A bullfrog zombie (D:2)
  Natasha (thrice) (D:3)
  5 adders
  2 worms (D:2)
  A dart slug (D:1)
  A leopard gecko (D:4)
  A giant cockroach (D:2)
  6 goblins
  6 hobgoblins
  2 jackals (D:1)
  11 kobolds
  A quokka (D:3)
  2 ball pythons (D:2)
  9 bats
  4 frilled lizards
  6 rats
61 creatures vanquished.

Notes
Turn   | Place    | Note
-------+----------+-------------------------------------------
     0 | D:1      | Fang the Gargoyle Berserker began the quest for the Orb.
     0 | D:1      | Reached XP level 1. HP: 14/14 MP: 1/1
    60 | D:1      | Reached XP level 2. HP: 18/19 MP: 2/2
   788 | D:2      | Reached ** piety under Trog
   791 | D:2      | Reached XP level 3. HP: 20/23 MP: 3/3
   853 | D:2      | Found a blossoming altar of Fedhas.
   969 | D:2      | Reached XP level 4. HP: 29/29 MP: 4/4
  1290 | D:2      | Reached skill level 4 in Fighting
  1705 | D:3      | Found an ornate altar of the Wu Jian Council.
  1731 | D:3      | Noticed Natasha
  1742 | D:3      | Killed Natasha
  1742 | D:3      | Reached XP level 5. HP: 21/33 MP: 5/5
  1828 | D:3      | Noticed Natasha
  1842 | D:3      | Killed Natasha
  2104 | D:3      | Noticed Natasha
  2118 | D:3      | Killed Natasha
  2408 | D:4      | Noticed an ogre
  2416 | D:4      | Slain by an ogre

Skill      XL: |  1  2  3  4 |
---------------+-------------+-----
Axes           | 3 |  3.7
Dodging        | 2 |  2.8
Armour         | 3 |  3.6
Fighting       | 4 |  4.4

Action                   |  1- 3 |  4- 6 || total
-------------------------+-------+-------++-------
Melee: Hand axe          |   112 |   110 ||   222
Invok: Berserk           |       |     3 ||     3
  Eat: Chunk             |       |     7 ||     7
Armor: Animal skin       |    34 |    31 ||    65
Dodge: Dodged            |    92 |    89 ||   181
